AoeStats
← Chris Becker

Black Forest

509378161Analyzed
4v4 RM · 6d ago on Sep 26, 2026· 45m 25s· 8 players
Game mode
Random Map
Map size
Large (8 player)
Population
200
Speed
Normal
Resources
Standard
Victory
Conquest
Starting age
Dark Age
Ending age
Imperial Age
RankedLock teamsTeams togetherTeam positionsShared explorationLock speedFull tech treeHidden civsTurbo modeCheats
Victory
Defeat
🇨🇴 Franks · Colombia
1633
+11
🇺🇸 Saxons · United States
1580
+13
🇨🇴 Mongols · Colombia
1579
+13
🇺🇸 Turks · United States
1404
+19
🇮🇹 Hindustanis · Italy
1544
-16
🇹🇷 Turks · Türkiye
1523
-15
🇩🇪 Italians · Germany
1515
-14
🇪🇸 Franks · Spain
1426
-11
JavelinMen
4:21 Loom
12:07 Feudal Age
13:54 Double-Bit Axe
13:51 Horse Collar
20:16 Castle Age
21:28 Bow Saw
22:41 Heavy Plow
24:12 Wheelbarrow
24:01 Stone Mining
30:24 Hand Cart
33:40 Imperial Age
31:36 Padded Archer Armor
33:39 Gold Mining
35:27 Two-Man Saw
35:01 Leather Archer Armor
34:41 Fletching
35:20 Conscription
37:26 Bodkin Arrow
38:03 Ring Archer Armor
38:57 Bracer
[KBRA] Carrascorno
11:10 Feudal Age
14:52 Castle Age
14:36 Double-Bit Axe
15:50 Bow Saw
21:33 Wheelbarrow
22:17 Gold Mining
24:38 Scale Barding Armor
24:35 Husbandry
27:28 Imperial Age
25:17 Forging
25:09 Stone Mining
26:18 Chain Barding Armor
27:26 Iron Casting
27:42 Cavalier
29:08 Plate Barding Armor
29:20 Loom
31:00 Blast Furnace
30:13 Paladin
31:33 Hand Cart
32:03 Squires
32:07 Scale Mail Armor
33:07 Conscription
35:53 Chemistry
35:33 Elite Throwing Axeman
36:50 Chain Mail Armor
36:40 Ordonnance Companies
38:04 Caravan
39:14 Plate Mail Armor
40:13 Masonry
42:52 Light Cavalry
Marco1234
11:34 Feudal Age
12:46 Double-Bit Axe
15:06 Castle Age
16:10 Bow Saw
17:45 Horse Collar
18:10 Fishing Lines
19:20 Scale Barding Armor
21:23 Wheelbarrow
20:51 Heavy Plow
21:26 Bloodlines
22:05 Gillnets
23:30 Gold Mining
23:34 Stone Mining
24:39 Hand Cart
30:03 Imperial Age
28:04 Husbandry
28:26 Chain Barding Armor
28:16 Forging
28:46 Gold Shaft Mining
30:34 Stone Shaft Mining
31:52 Chemistry
30:14 Heavy Camel Rider
32:00 Plate Barding Armor
32:01 Iron Casting
32:18 Conscription
33:13 Grand Trunk Road
33:03 Imperial Camel Rider
37:17 Padded Archer Armor
37:48 Shatagni
40:50 Leather Archer Armor
41:11 Coinage
42:34 Ring Archer Armor
42:48 Light Cavalry
43:25 Hussar
45:45 Blast Furnace
Chris Becker
1:43 Loom
12:03 Feudal Age
17:41 Castle Age
16:16 Double-Bit Axe
16:51 Horse Collar
33:06 Gold Mining
35:03 Fletching
36:08 Bodkin Arrow
37:50 Wheelbarrow
38:31 Stone Mining
39:01 Padded Archer Armor
39:24 Ballistics
40:15 Leather Archer Armor
40:38 Bow Saw
44:38 Thumb Ring
JOLIAT
12:31 Feudal Age
13:08 Double-Bit Axe
16:06 Castle Age
14:14 Fishing Lines
15:22 Scale Barding Armor
15:08 Gold Mining
17:20 Bow Saw
16:56 Loom
21:55 Gillnets
26:58 Wheelbarrow
26:09 Town Watch
28:39 Stone Mining
31:22 Imperial Age
28:34 Pikeman
29:37 Scale Mail Armor
29:47 Forging
30:19 Hand Cart
30:42 Gold Shaft Mining
30:39 Chain Mail Armor
30:26 Squires
32:02 Iron Casting
31:23 Halberdier
32:35 Plate Mail Armor
33:33 Caravan
34:17 Conscription
33:44 Cavalier
35:26 Blast Furnace
35:18 Husbandry
35:39 Chain Barding Armor
35:14 Paladin
36:46 Ordonnance Companies
39:56 Chemistry
39:17 Ballistics
39:35 Plate Barding Armor
39:05 Elite Throwing Axeman
41:12 Siege Engineers
40:48 Treadmill Crane
41:18 Masonry
42:54 Fletching
LowEcoLegend
4:36 Loom
9:56 Feudal Age
10:48 Double-Bit Axe
13:43 Town Watch
19:46 Castle Age
18:10 Fishing Lines
22:05 Gillnets
26:13 Imperial Age
24:26 Fletching
26:13 Bow Saw
34:22 Padded Archer Armor
44:46 Padded Archer Armor
207
10:48 Feudal Age
11:34 Double-Bit Axe
16:29 Castle Age
17:34 Bow Saw
18:02 Wheelbarrow
19:05 Horse Collar
23:36 Fishing Lines
24:53 Gillnets
25:48 Hand Cart
25:18 Loom
25:19 Town Watch
29:28 Imperial Age
27:10 Gold Mining
27:43 Scale Mail Armor
27:53 Forging
28:25 Heavy Plow
29:35 Chain Mail Armor
29:55 Iron Casting
29:26 Treadmill Crane
29:58 Stone Mining
31:03 Conscription
30:04 Shield Wall
31:16 Plate Mail Armor
30:23 Elite Varangian Guard
31:03 Squires
32:44 Fletching
33:21 Pikeman
34:33 Caravan
34:00 Capped Ram
34:28 Halberdier
37:24 Siege Ram
MZTK | KaLiuM
0:38 Loom
13:27 Feudal Age
18:25 Castle Age
16:26 Double-Bit Axe
16:49 Fishing Lines
17:04 Horse Collar
18:58 Gillnets
20:11 Wheelbarrow
23:25 Gold Mining
24:41 Bow Saw
24:34 Heavy Plow
27:34 Hand Cart
28:04 Stone Mining
30:14 Gold Shaft Mining
30:23 Stone Shaft Mining
34:07 Imperial Age
31:30 Fletching
32:47 Town Watch
34:10 Elite Mangudai
34:52 Bodkin Arrow
35:59 Chemistry
35:19 Ballistics
35:14 Town Patrol
35:17 Padded Archer Armor
36:00 Bracer
35:59 Onager
37:52 Leather Archer Armor
37:48 Thumb Ring
38:08 Parthian Tactics
37:55 Bloodlines
37:46 Husbandry
39:00 Drill
40:36 Conscription
44:14 Scale Barding Armor
44:20 Forging
44:29 Light Cavalry
Connection lost

Rejoining the realm…

Still unreachable

The connection could not be restored.

Session expired

The server has moved on; the page needs a fresh start.